 Dungeon Crawl Stone Soup version 0.30.1-11-g7821555f0a (webtiles) character file.

Game seed: 8627022451742538526

627 SacredBeard the Grave Robber (level 7, -4/51 HPs)
             Began as a Demonspawn Necromancer on Nov 3, 2023.
             Slain by a water moccasin (7 damage)
             ... on level 5 of the Dungeon.
             The game lasted 00:18:15 (4731 turns).

SacredBeard the Grave Robber (DsNe)                 Turns: 4731, Time: 00:18:17

Health: -4/51      AC:  4    Str:  8    XL:     7   Next: 23%
Magic:  11/12      EV: 13    Int: 17    God:
Gold:   173        SH:  0    Dex: 15    Spells: 11/12 levels left

rFire   . . .        q - +0 dagger (venom)
rCold   . . .        g - orb {*channel}
rNeg    . . .        a - +0 robe
rPois   .            (helmet restricted)
rElec   .            (no cloak)
rCorr   .            (no gloves)
SInv    .            (no boots)
Will    .....        (no amulet)
Stlth   ++           (no ring)
HPRegen 0.28/turn    (no ring)
MPRegen 0.13/turn

%: channel magic (20%)
@: lethally poisoned (-4 -> -25)
A: antennae 2, slimy green scales 1, demonic guardian 1
a: no special abilities


You were on level 5 of the Dungeon.
You visited 1 branch of the dungeon, and saw 5 of its levels.

You collected 173 gold pieces.

Inventory:

Hand Weapons
 q - a +0 dagger of venom (weapon)
Missiles
 e - 22 stones
 r - 2 javelins
 u - 6 poisoned darts
Armour
 a - a +0 robe (worn)
 g - an orb of energy (worn)
Scrolls
 d - a scroll of poison {unknown}
 f - 6 scrolls of teleportation {unknown}
 h - a scroll of immolation {unknown}
 i - 4 scrolls of identify {unknown}
 k - a scroll of vulnerability {unknown}
 l - a scroll of butterflies {unknown}
 n - 2 scrolls of enchant weapon {unknown}
 o - 2 scrolls of fear {unknown}
 t - a scroll of amnesia {unknown}
 v - a scroll of noise {unknown}
Potions
 b - a potion of magic
 c - a potion of brilliance
 j - a potion of attraction {unknown}
 m - a potion of lignification {unknown}
 p - 2 potions of cancellation {unknown}
 s - a potion of heal wounds {unknown}


   Skills:
 + Level 2.5 Fighting
 + Level 2.1 Throwing
 + Level 2.2 Armour
 + Level 2.9 Dodging
 + Level 3.1 Stealth
 + Level 3.4 Spellcasting
 - Level 6.0 Necromancy


You had 11 spell levels left.
You knew the following spells:

 Your Spells              Type           Power      Damage    Failure   Level
a - Necrotise             Necr           92%        1d8       6%          1

Your spell library contained the following spells:

 Spells                   Type           Power      Damage    Failure   Level
 Vampiric Draining        Necr           23%        2d7       13%         3
 Cigotuvi's Dreadful Rot  Necr/Pois/Air  18%        N/A       26%         2
 Animate Dead             Necr           23%        N/A       32%         4
 Beastly Appendage        Tmut           4%         N/A       36%         1
 Wereblood                Tmut           2%         N/A       47%         2
 Agony                    Necr           23%        N/A       58%         5
 Ignite Poison            Fire/Tmut/Pois 2%         N/A       67%         3
 Spider Form              Tmut/Pois      2%         N/A       67%         3
 Freezing Cloud           Conj/Ice/Air   1%         6-21      100%        5


Dungeon Overview and Level Annotations

Branches:
Dungeon (5/15) Zot: 25266
 Temple: D:4-7

Altars:
Makhleb
Uskayaw

Shops:
D:1 :![(   D:5 *


Innate Abilities, Weirdness & Mutations

You have a pair of antennae on your head.
You are partially covered in slimy green scales. (AC +2)
A weak demonic guardian rushes to your aid.


Message History

You feel sick.
Your quasit misses the water moccasin.
Your quasit claws the water moccasin.
Your quasit completely misses the water moccasin.
The water moccasin bites you but does no damage.
You closely miss the water moccasin.
The water moccasin is heavily wounded.
You feel sick.
Your quasit completely misses the water moccasin.
Your quasit barely misses the water moccasin.
Your quasit claws the water moccasin.
The water moccasin bites you.
You are more poisoned.
The water moccasin poisons you!
Your quasit closely misses the water moccasin.
Your quasit completely misses the water moccasin.
Your quasit claws the water moccasin.
You closely miss the water moccasin.
The water moccasin is severely wounded.
* * * LOW HITPOINT WARNING * * *
You feel very sick. The water moccasin bites you.
* * * LOW HITPOINT WARNING * * *
You are more poisoned.
The water moccasin poisons you!
Your quasit closely misses the water moccasin.
Your quasit claws the water moccasin.
Your quasit claws the water moccasin but does no damage.
The water moccasin bites your quasit.
Your quasit dies!
Your quasit disappears in a puff of smoke!
The water moccasin hisses angrily.
Casting: Necrotise (safe; 6% risk of failure)
Confirm with . or Enter, or press ? or * to list all spells.
Aiming: Necrotise (safe; 6% risk of failure)
Press: ? - help, Shift-Dir - straight line, f - water moccasin
Aim: a water moccasin (severely wounded, very poisoned, chance to affect: 81%)
The water moccasin writhes in agony.
* * * LOW HITPOINT WARNING * * *
You feel very sick. The water moccasin bites you!
You die...

#..≈.......≈.#
#..≈.≈≈.≈≈.≈.#
#....≈...≈...#
#..≈≈≈._.≈≈≈.#
##............#
#..####.#######
##.## #.# #..#
#.# ##'## #@#
#...# #S#
#.∩.#.S.§..#
#...##.###..#
##'### #...
#...# #...
##### #.## .#
#~


You could see a water moccasin (very poisoned).

Vanquished Creatures
  A water moccasin (D:5)
  A phantom (D:4)
  A gnoll sergeant (D:4)
  2 scorpions
  An iguana (D:5)
  An orc wizard (D:3)
  2 gnolls (D:4)
  3 adders
  An ufetubus (D:5)
  3 worms
  4 dart slugs
  5 orcs
  3 bats (D:1)
  10 endoplasms
  2 giant cockroaches
  4 goblins
  4 hobgoblins
  10 jackals
  5 quokkas
  5 ball pythons
  A frilled lizard (D:1)
  6 kobolds
  8 rats
83 creatures vanquished.

Vanquished Creatures (collateral kills)
  An orc priest (D:3)
  2 adders (D:5)
  A gnoll (D:4)
  A white imp (D:4)
  A dart slug (D:2)
  2 orcs (D:3)
  A goblin (D:3)
  A jackal (D:1)
  A rat (D:2)
11 creatures vanquished.

Grand Total: 94 creatures vanquished

Notes
Turn   | Place    | Note
-------+----------+-------------------------------------------
     0 | D:1      | SacredBeard the Demonspawn Necromancer began the quest for
                  | the Orb.
     0 | D:1      | Reached XP level 1. HP: 13/13 MP: 3/3
   133 | D:1      | Found Vacasuoh's Distillery.
   203 | D:1      | Gained mutation: You have a pair of small antennae on your
                  | head. [demonic ancestry]
   203 | D:1      | Reached XP level 2. HP: 19/19 MP: 3/5
   298 | D:1      | Found Biok's Antique Armour Shop.
   427 | D:1      | Found Mayjud's Antique Weapon Boutique.
   893 | D:1      | Found Liraet's Book Boutique.
   900 | D:1      | Gained mutation: You are partially covered in slimy green
                  | scales. (AC +2) [demonic ancestry]
   900 | D:1      | Reached XP level 3. HP: 23/25 MP: 4/6
  1614 | D:2      | Found a faded altar of an unknown god.
  1621 | D:2      | Reached skill level 1 in Armour
  1757 | D:2      | Reached skill level 1 in Fighting
  2233 | D:3      | Gained mutation: A weak demonic guardian rushes to your
                  | aid. [demonic ancestry]
  2233 | D:3      | Reached XP level 4. HP: 28/32 MP: 4/7
  2293 | D:3      | Noticed a scorpion
  2408 | D:3      | Reached skill level 1 in Throwing
  2409 | D:3      | Reached skill level 5 in Necromancy
  2459 | D:3      | Reached XP level 5. HP: 16/37 MP: 1/8
  3142 | D:4      | Gained mutation: You have a pair of antennae on your head.
                  | [demonic ancestry]
  3142 | D:4      | Reached XP level 6. HP: 44/44 MP: 5/10
  3220 | D:4      | HP: 2/44 [poisoned by a gnoll sergeant]
  4415 | D:5      | Entered Level 5 of the Dungeon
  4468 | D:5      | Found a hide-covered altar of Uskayaw.
  4499 | D:5      | Found a burning altar of Makhleb.
  4516 | D:5      | Found Veinuph's Serpentskin Sales.
  4516 | D:5      | Noticed a water moccasin
  4532 | D:5      | Killed a water moccasin
  4533 | D:5      | Reached skill level 6 in Necromancy
  4533 | D:5      | Reached XP level 7. HP: 27/51 MP: 5/12
  4731 | D:5      | Slain by a water moccasin

Illustrated notes

Levels and vault maps discovered:
D:1:      dpeg_arrival_lava_temple_mockup, layout_basic, serial_shops, shop,
          nicolae_shop_tiny_glass, shop, nicolae_shop_back_alley_shop
D:2:      layout_loops_ring, ebering_ecumenical_altar_ruins,
          grunt_decor_mini_mirrors
D:3:      layout_loops_cross
D:4:      layout_basic
D:5:      minmay_opposing_rooms, layout_loops_ring, minitemple,
          mainiacjoe_overflow_large_starburst, serial_aquarium,
          aquarium_bridge_long_separate [aquarium_subvault_balcony,
          aquarium_subvault_wall, aquarium_subvault_bridge,
          aquarium_subvault_bridge, aquarium_subvault_wall,
          aquarium_subvault_bridge], aquarium_window_corridor_3,
          aquarium_window_2, aquarium_view_2c, aquarium_pool_corner,
          guppyfry_shop_venom

Skill      XL: |  1  2  3  4  5  6 |
---------------+-------------------+-----
Stealth        | 2 3 |  3.1
Dodging        | 2 |  2.9
Armour         | 1 2 |  2.2
Fighting       | 1 2 |  2.5
Throwing       | 1 2 |  2.1
Necromancy     | 5 6 |  6.0
Spellcasting   | 3 |  3.4

Action                     |  1- 3 |  4- 6 |  7- 9 || total
---------------------------+-------+-------+-------++-------
  Melee: Unarmed           |    16 |       |       ||    16
         Dagger            |    51 |    55 |    14 ||   120
  Throw: Stone             |       |    22 |       ||    22
   Cast: Necrotise         |    98 |    92 |     2 ||   192
    Use: Potion            |       |     4 |       ||     4
 Armour: Robe              |    12 |    17 |     2 ||    31
  Dodge: Dodged            |    41 |    51 |     8 ||   100
